 Dungeon Crawl Stone Soup version 0.29.1-2-gbd0b4ee654 (webtiles) character file.

Game seed: 9116194115999533304

1603 styxcanada the Covert (level 8, 0/42 HPs)
             Began as a Spriggan Brigand on Nov 7, 2022.
             Was an Initiate of Gozag.
             Slain by a gnoll
             ... wielding a +0 spear
             ... led by a gnoll sergeant
              (1 damage)
             ... on level 6 of the Dungeon.
             The game lasted 00:19:20 (6812 turns).

styxcanada the Covert (Spriggan Brigand)            Turns: 6812, Time: 00:19:20

Health: 0/42       AC:  5    Str:  9    XL:     8   Next: 63%
Magic:  9/9        EV: 21    Int: 12    God:    Gozag
Gold:   208        SH:  0    Dex: 19    Spells: 7/7 levels left

rFire   . . .      SeeInvis +   n - +2 short sword (venom)
rCold   . . .      Faith    .   (no shield)
rNeg    + . .      Spirit   .   b - +2 robe
rPois   .          Reflect  .   (helmet restricted)
rElec   +          Harm     .   c - +0 cloak
rCorr   .          Rampage  .   (gloves unavailable)
Will    +....                   (boots unavailable)
Stlth   ++++++....              r - amulet of magic regeneration
HPRegen 0.14/turn               l - ring of positive energy
MPRegen 0.51/turn               x - ring "Diusabop" {Contam rElec Str+2 SInv Stlth+}

@: very quick
A: very small, no large weapons, unfitting armour, see invisible, speed 3
a: Renounce Religion, Potion Petition, Call Merchant, Bribe Branch


You were on level 6 of the Dungeon.
You worshipped Gozag.
Gozag was aware of your devotion.
You visited 2 branches of the dungeon, and saw 7 of its levels.

You collected 361 gold pieces.
You spent 65 gold pieces at shops.
You paid 88 gold pieces to Gozag.

Inventory:

Hand Weapons
 a - a +2 dagger
 n - a +2 short sword of venom (weapon)
 o - the +2 quarterstaff of the Sky {vamp, rC+ rN+}
   (You found it on level 3 of the Dungeon)

   It occasionally heals its wielder for a portion of the damage dealt when it
   wounds a living foe.
   rC:        It protects you from cold.
   rN:        It protects you from negative energy.
 s - a +0 flail of holy wrath
 B - the +9 mace "Newt's Funeral" {flame, rPois rC+}
   (You found it on level 6 of the Dungeon)

   It burns those it strikes, dealing additional fire damage.
   rC:        It protects you from cold.
   rPois:     It protects you from poison.
Missiles
 d - 16 poisoned darts (quivered)
 e - 2 curare-tipped darts
 g - 12 boomerangs
 k - 39 stones
Armour
 b - a +2 robe (worn)
 c - a +0 cloak (worn)
Jewellery
 l - a ring of positive energy (left hand)
 r - an amulet of magic regeneration (around neck)
 x - the ring "Diusabop" (right hand) {Contam rElec Str+2 SInv Stlth+}
   (You found it on level 5 of the Dungeon)

   [ring of see invisible]

   Str:       It affects your strength (+2).
   rElec:     It insulates you from electricity.
   SInv:      It lets you see invisible.
   Contam:    It causes magical contamination when unequipped.
   Stlth:     It makes you more stealthy.
 y - a +6 ring of intelligence
Scrolls
 f - 2 scrolls of silence
 i - 3 scrolls of teleportation
 u - a scroll of fog
 v - 2 scrolls of blinking
 w - 2 scrolls of enchant armour
Potions
 h - 3 potions of flight
 j - a potion of mutation {unknown}
 m - a potion of brilliance {unknown}
 p - 2 potions of might
 q - a potion of berserk rage {unknown}
 t - a potion of magic {unknown}
 z - a potion of haste {unknown}
 A - a potion of heal wounds


   Skills:
 * Level 3.9 Fighting
 + Level 5.6 Short Blades
 + Level 3.6 Throwing
 * Level 6.3 Dodging
 * Level 11.8 Stealth


You had 7 spell levels left.
You didn't know any spells.
Your spell library was empty.

Dungeon Overview and Level Annotations

Branches:
Dungeon (6/15)             Temple (1/1) D:6

Altars:
Cheibriados
Elyvilon
Fedhas
Gozag
Kikubaaqudgha
Nemelex Xobeh
Ru
Sif Muna
Trog
Uskayaw
Wu Jian
Yredelemnul
Zin
The Shining One

Shops:
D:5 *   D:6 *


Innate Abilities, Weirdness & Mutations

You are very small and have problems with some larger weapons.
You are too small for most types of armour.
You have supernaturally acute eyesight. (SInv)
You cover ground extremely quickly. (Speed+++)


Message History

The gnoll sergeant completely misses you.
The gnoll barely misses you. The gnoll completely misses you.
Things that are here:
4 gold pieces; a +0 whip You completely miss the gnoll.
The gnoll misses you.
The gnoll hits you from afar with a +0 spear.
The gnoll sergeant completely misses you.
You hit the gnoll sergeant but do no damage.
The gnoll barely misses you. The gnoll sergeant misses you.
The gnoll barely misses you. The gnoll hits you with a +0 spear.
You hit the gnoll sergeant.
The gnoll sergeant is poisoned.
The gnoll sergeant is lightly wounded.
The gnoll closely misses you. The gnoll misses you.
You hit the gnoll.
The gnoll is poisoned.
The gnoll is moderately wounded.
The gnoll completely misses you. The gnoll hits you with a +0 spear.
The gnoll barely misses you.
You hit the gnoll.
The gnoll is poisoned.
The gnoll is moderately wounded.
The gnoll barely misses you.
The gnoll sergeant hits you with a +0 spear!
The gnoll hits you but does no damage. The gnoll misses you.
You hit the gnoll.
The gnoll is poisoned.
The gnoll is moderately wounded.
The gnoll misses you.
The gnoll sergeant completely misses you.
The gnoll hits you from afar with a +0 spear.
* * * LOW HITPOINT WARNING * * *
You completely miss the gnoll.
The gnoll is moderately wounded.
The gnoll completely misses you. The gnoll hits you with a +0 spear.
* * * LOW HITPOINT WARNING * * *
The gnoll sergeant hits you with a +0 spear.
* * * LOW HITPOINT WARNING * * *
The gnoll hits you from afar with a +0 spear.
* * * LOW HITPOINT WARNING * * *
The gnoll sergeant closely misses you.
The gnoll hits you from afar with a +0 spear.
You die...
Your body crumbles into a pile of gold.

########## #........#
#........# #........+
#..gg....# #...
#..g.....# #...
#..g$@...###
#....#............
##....#............
......#............
...................
...................
#+######.###............
.........#.#......###+##
.... ...#.8.#.....#


You could see a gnoll sergeant (very poisoned) and 3 gnolls.

Vanquished Creatures
  Sigmund (D:5)
  Edmund (D:5)
  An ice beast (D:5)
  2 ogres
  A centaur (D:6)
  2 phantoms (D:6)
  A bullfrog (D:5)
  A necrophage (D:5)
  A water moccasin zombie (D:5)
  A howler monkey (D:5)
  2 bullfrog zombies (D:5)
  A hound (D:4)
  A gnoll bouda (D:4)
  2 jellies (D:6)
  3 orc priests
  2 orc wizards
  A hound zombie (D:5)
  7 adders
  10 gnolls
  2 shadow imps
  A white imp (D:6)
  An ufetubus (D:5)
  5 worms
  2 dart slugs (D:2)
  12 orcs
  10 endoplasms
  A giant cockroach (D:1)
  6 hobgoblins
  2 quokkas
  3 ball pythons
  6 bats
  5 frilled lizards
  4 goblins
  2 kobolds (D:1)
  4 rats
107 creatures vanquished.

Notes
Turn   | Place    | Note
-------+----------+-------------------------------------------
     0 | D:1      | styxcanada the Spriggan Brigand began the quest for the
                  | Orb.
     0 | D:1      | Reached XP level 1. HP: 10/10 MP: 2/2
    23 | D:1      | Reached skill level 6 in Stealth
   169 | D:1      | Found a faded altar of an unknown god.
   443 | D:1      | Reached XP level 2. HP: 12/15 MP: 3/3
  1325 | D:2      | Reached skill level 7 in Stealth
  1325 | D:2      | Reached XP level 3. HP: 18/18 MP: 4/4
  2227 | D:3      | Reached XP level 4. HP: 23/23 MP: 5/5
  2444 | D:3      | HP: 1/23 [poisoned by an orc]
  2753 | D:3      | Identified the +2 quarterstaff of the Sky {vamp, rC+ rN+}
  3458 | D:4      | Reached skill level 8 in Stealth
  3458 | D:4      | Reached XP level 5. HP: 23/26 MP: 6/6
  3626 | D:4      | Noticed an ogre
  3673 | D:4      | Killed an ogre
  3753 | D:4      | Reached skill level 9 in Stealth
  3753 | D:4      | Reached XP level 6. HP: 27/32 MP: 7/7
  4425 | D:5      | Entered Level 5 of the Dungeon
  4639 | D:5      | Found a basalt altar of Yredelemnul.
  4847 | D:5      | Identified the ring "Diusabop" {Contam rElec Str+2 SInv
                  | Stlth+}
  5007 | D:5      | Reached XP level 7. HP: 35/35 MP: 8/8
  5027 | D:5      | Found Zin's Purification Station.
  5027 | D:5      | Found a glowing silver altar of Zin.
  5029 | D:5      | Noticed Edmund
  5055 | D:5      | Killed Edmund
  5056 | D:5      | Reached skill level 10 in Stealth
  5480 | D:5      | Noticed Sigmund
  5484 | D:5      | Killed Sigmund
  5485 | D:5      | Reached skill level 5 in Dodging
  5548 | D:5      | Reached XP level 8. HP: 30/40 MP: 9/9
  5708 | D:5      | Reached skill level 5 in Short Blades
  5791 | D:5      | Found a shimmering blue altar of Sif Muna.
  6067 | D:6      | Found a staircase to the Ecumenical Temple.
  6078 | Temple   | Entered the Ecumenical Temple
  6108 | Temple   | Became a worshipper of Gozag Ym Sagoz the Greedy
  6148 | D:6      | Reached skill level 11 in Stealth
  6618 | D:6      | Found Beemuwur's Hallowed Reliquary.
  6618 | D:6      | Noticed an angel
  6641 | D:6      | Bought a potion of heal wounds for 65 gold pieces
  6774 | D:6      | Identified the +9 mace "Newt's Funeral" {flame, rPois rC+}
  6810 | D:6      | HP: 1/42 [gnoll/+0 spear[a gnoll sergeant] (6)]
  6812 | D:6      | Slain by a gnoll

Illustrated notes

Levels and vault maps discovered:
D:1:      psy_arrival_terrarium, layout_basic,
          dreamdust_ecumenical_altar_statues
D:2:      layout_basic
D:3:      layout_basic
D:4:      layout_loops_ring
D:5:      layout_loops_cross, nicolae_yredelemnul_corpse_copse,
          nicolae_sif_muna_little_library, zin_purify,
          kennysheep_generic_room_5, uniq_sigmund, uniq_edmund
D:6:      layout_gridville, minmay_temple_entry_glassed_door,
          minmay_misc_feat_enclosed, grunt_decor_one_mirror, nicolae_good_shop
Temple:   minmay_temple_bridge_abc

Skill      XL: |  1  2  3  4  5  6  7  8 |
---------------+-------------------------+-----
Stealth        | 6 7 8 9 10 11 | 11.8
Fighting       | 2 3 |  3.9
Dodging        | 2 3 5 6 |  6.3
Short Blades   | 3 4 5 |  5.6
Throwing       | 3 |  3.6

Action                   |  1- 3 |  4- 6 |  7- 9 || total
-------------------------+-------+-------+-------++-------
Melee: Dagger            |   100 |    12 |       ||   112
       Short sword       |       |   105 |   161 ||   266
       Punch             |       |     1 |     5 ||     6
Throw: Dart              |    28 |    19 |     6 ||    53
  Use: Scroll            |     9 |     3 |     2 ||    14
       Potion            |       |     1 |       ||     1
 Stab: Sleeping          |     8 |    12 |    12 ||    32
Armor: Robe              |    11 |    15 |    15 ||    41
Dodge: Dodged            |    71 |    62 |   114 ||   247
